IL
INDIANAPOLIS INDIANS @ SACRAMENTO RIVER CATS
05/16/2048
 
TOP OF THE 1ST
Indianapolis Indians batting - Pitching for Sacramento River Cats : RHP George Kellum
Pitching: RHP George Kellum
Batting: RHB Luis Ramos 0-0: Foul Ball, location: 2F
0-1: Swinging Strike
0-2: Foul Ball, location: 2F
0-2: Strikes out looking
Batting: RHB Bubba Tierney 0-0: Ball
1-0: Ball
2-0: Ball
3-0: Called Strike
3-1: Ground out 1-3 (Groundball, 13S, EV 73.1 MPH)
Batting: LHB Edwin Aguilar 0-0: Ball
1-0: Called Strike
1-1: Called Strike
1-2: Ball
2-2: SINGLE (Groundball, 4D, EV 108.1 MPH)
Batting: RHB Adam Kaeser 0-0: Ball
1-0: Ball
Edwin Aguilar steals 2nd, throwing error, E2
Edwin Aguilar to third
2-0: DOUBLE (Groundball, 5L, EV 104.4 MPH)
Edwin Aguilar scores
Batting: RHB Caleb Russell 0-0: Ground out 5-3 (Groundball, 56S, EV 76.2 MPH)
Top of the 1st over - 1 run, 2 hits, 1 error, 1 left on base; Indianapolis 1 - Sacramento 0
BOTTOM OF THE 1ST
Sacramento River Cats batting - Pitching for Indianapolis Indians : RHP Curt Campbell
Pitching: RHP Curt Campbell
Batting: LHB Kevin Kantor 0-0: Ball
1-0: Ball
2-0: Ball
3-0: Called Strike
3-1: Base on Balls
Batting: RHB Dave Crouch 0-0: Ball
1-0: Ball
2-0: Foul Ball, location: 2F
2-1: Ball
3-1: Called Strike
3-2: Strikes out looking
Kevin Kantor steals 2nd base (no throw)
Batter strikes out.
Pitching: RHP Mitch Ingerson
Batting: LHB Mason Duffy 0-0: Swinging Strike
0-1: Ball
1-1: Ball
2-1: Fly out, F7 (Flyball, 78D, EV 95.0 MPH)
Batting: RHB Brian Rogers 0-0: Called Strike
0-1: Ball
1-1: Ball
2-1: Swinging Strike
2-2: Ground out 5-3 (Groundball, 56, EV 83.1 MPH)
Bottom of the 1st over - 0 runs, 0 hits, 0 errors, 1 left on base; Indianapolis 1 - Sacramento 0
TOP OF THE 2ND
Indianapolis Indians batting - Pitching for Sacramento River Cats : RHP George Kellum
Batting: LHB Jorge Quintana 0-0: Ball
1-0: Ball
2-0: Called Strike
2-1: Reached on error, E3 (Groundball, 3, EV 85.0 MPH)
Batting: RHB Isaiah Yarbrough 0-0: Foul Ball, location: 2F
0-1: Ball
1-1: Called Strike
1-2: Strikes out swinging
Batting: RHB Matt Keef 0-0: Called Strike
0-1: Ball
1-1: Called Strike
1-2: Ball
2-2: SINGLE (Line Drive, 89S, EV 88.8 MPH)
Jorge Quintana to second
Batting: RHB Slamet Pamungkas 0-0: Ball
1-0: Ball
2-0: Fly out, F8 (Flyball, 8LD, EV 97.5 MPH)
Batting: RHB Luis Ramos 0-0: Called Strike
0-1: Called Strike
0-2: Ball
1-2: Strikes out swinging
Top of the 2nd over - 0 runs, 1 hit, 1 error, 2 left on base; Indianapolis 1 - Sacramento 0
BOTTOM OF THE 2ND
Sacramento River Cats batting - Pitching for Indianapolis Indians : RHP Mitch Ingerson
Batting: LHB Terry Ebersole 0-0: Called Strike
0-1: Swinging Strike
0-2: Ball
1-2: Strikes out swinging
Batting: RHB Troy Trice 0-0: Foul Ball, location: 2F
0-1: Ball
1-1: Fly out, F7 (Line Drive, 78M, EV 86.2 MPH)
Batting: RHB Hugo Zacarias 0-0: Called Strike
0-1: Ball
1-1: Called Strike
1-2: Ball
2-2: Ball
3-2: Foul Ball, location: 2F
3-2: Base on Balls
Batting: RHB Nick Wicker 0-0: SINGLE (Groundball, 4, EV 97.5 MPH)
Hugo Zacarias to second
Runner from 2nd tries for 3rd, SAFE, throw by RF made to third
Nick Wicker to second
Batting: RHB Matt Shepard 0-0: Called Strike
0-1: Swinging Strike
0-2: Strikes out swinging
Bottom of the 2nd over - 0 runs, 1 hit, 0 errors, 2 left on base; Indianapolis 1 - Sacramento 0
TOP OF THE 3RD
Indianapolis Indians batting - Pitching for Sacramento River Cats : RHP George Kellum
Batting: RHB Bubba Tierney 0-0: Ground out 4-3 (Groundball, 4, EV 75.0 MPH)
Batting: LHB Edwin Aguilar 0-0: Ball
1-0: Ball
2-0: Ball
3-0: Called Strike
3-1: Called Strike
3-2: Strikes out swinging
Batting: RHB Adam Kaeser 0-0: Ball
1-0: Foul Ball, location: 2F
1-1: Ball
2-1: Foul Ball, location: 2F
2-2: Strikes out swinging
Top of the 3rd over - 0 runs, 0 hits, 0 errors, 0 left on base; Indianapolis 1 - Sacramento 0
BOTTOM OF THE 3RD
Sacramento River Cats batting - Pitching for Indianapolis Indians : RHP Mitch Ingerson
Batting: LHB Kevin Kantor 0-0: Ball
1-0: Fly out, F6 (Line Drive, 6, EV 68.1 MPH)
Batting: RHB Dave Crouch 0-0: Called Strike
0-1: Ball
1-1: Foul Ball, location: 2F
1-2: Ground out 6-3 (Groundball, 6, EV 76.9 MPH)
Batting: LHB Mason Duffy 0-0: Called Strike
0-1: Called Strike
0-2: Strikes out swinging
Bottom of the 3rd over - 0 runs, 0 hits, 0 errors, 0 left on base; Indianapolis 1 - Sacramento 0
TOP OF THE 4TH
Indianapolis Indians batting - Pitching for Sacramento River Cats : RHP George Kellum
Batting: RHB Caleb Russell 0-0: Ball
1-0: Foul Ball, location: 2F
1-1: Ball
2-1: SINGLE (Groundball, 56, EV 88.1 MPH) (infield hit)
Batting: LHB Jorge Quintana 0-0: Ball
1-0: SINGLE (Flyball, 6D, EV 90.0 MPH)
Caleb Russell to second
Batting: RHB Isaiah Yarbrough 0-0: Ball
1-0: Ball
2-0: Ball
3-0: Base on Balls
Caleb Russell to third
Jorge Quintana to second
Batting: RHB Matt Keef 0-0: Ball
1-0: Ball
2-0: Ball
3-0: Called Strike
3-1: Called Strike
3-2: Strikes out looking
Batting: RHB Slamet Pamungkas 0-0: Fly out, F8 (Line Drive, 4MD, EV 68.8 MPH)
Batting: RHB Luis Ramos 0-0: Ball
1-0: Called Strike
1-1: Foul Ball, location: 2F
1-2: Ball
2-2: Foul Ball, location: 2F
2-2: Ball
3-2: Foul Ball, location: 2F
3-2: Base on Balls
Caleb Russell scores
Jorge Quintana to third
Isaiah Yarbrough to second
Batting: RHB Bubba Tierney 0-0: Swinging Strike
0-1: Called Strike
0-2: Ball
1-2: Fielders Choice at 2nd, 6-4 (Groundball, 6, EV 78.8 MPH)
Top of the 4th over - 1 run, 2 hits, 0 errors, 3 left on base; Indianapolis 2 - Sacramento 0
BOTTOM OF THE 4TH
Sacramento River Cats batting - Pitching for Indianapolis Indians : RHP Mitch Ingerson
Batting: RHB Brian Rogers 0-0: Swinging Strike
0-1: Called Strike
0-2: Strikes out swinging
Batting: LHB Terry Ebersole 0-0: Foul Ball, location: 2F
0-1: Ball
1-1: Ball
2-1: Swinging Strike
2-2: Strikes out swinging, 2-3 out at first.
Batting: RHB Troy Trice 0-0: Ball
1-0: Called Strike
1-1: Foul Ball, location: 2F
1-2: Ball
2-2: Strikes out swinging
Bottom of the 4th over - 0 runs, 0 hits, 0 errors, 0 left on base; Indianapolis 2 - Sacramento 0
TOP OF THE 5TH
Indianapolis Indians batting - Pitching for Sacramento River Cats : RHP George Kellum
Batting: LHB Edwin Aguilar 0-0: Ground out 6-3 (Groundball, P, EV 83.8 MPH)
Batting: RHB Adam Kaeser 0-0: Swinging Strike
0-1: Ball
1-1: Foul Ball, location: 2F
1-2: Ball
2-2: Ground out 5-3 (Groundball, 56S, EV 68.1 MPH)
Batting: RHB Caleb Russell 0-0: Ball
1-0: Foul Ball, location: 2F
1-1: Fly out, F9 (Flyball, 89M, EV 86.2 MPH)
Top of the 5th over - 0 runs, 0 hits, 0 errors, 0 left on base; Indianapolis 2 - Sacramento 0
BOTTOM OF THE 5TH
Sacramento River Cats batting - Pitching for Indianapolis Indians : RHP Mitch Ingerson
Batting: RHB Hugo Zacarias 0-0: Ball
1-0: Ball
2-0: Called Strike
2-1: SINGLE (Line Drive, 5D, EV 103.8 MPH)
Batting: RHB Nick Wicker 0-0: Ball
1-0: Ball
2-0: Swinging Strike
2-1: Called Strike
2-2: Fielders Choice at 2nd, 6-4 (Groundball, 6M, EV 80.0 MPH)
Pinch Hitting: LHB Jared Paige 0-0: Ball
1-0: DOUBLE (Line Drive, 78D, EV 105.0 MPH)
Nick Wicker to third
Runner from 3rd tries for Home, SAFE, throw by LF to trailing runner, OUT at third! 7-3-5
Batting: LHB Kevin Kantor 0-0: Ball
1-0: Fly out, F9 (Flyball, 89M, EV 93.1 MPH)
Bottom of the 5th over - 1 run, 2 hits, 0 errors, 0 left on base; Indianapolis 2 - Sacramento 1
TOP OF THE 6TH
Indianapolis Indians batting - Pitching for Sacramento River Cats : RHP George Kellum
Now at 3B: Billy Pranger
Batting: LHB Jorge Quintana 0-0: Ball
1-0: Ball
2-0: Ball
3-0: Base on Balls
Batting: RHB Isaiah Yarbrough 0-0: Ball
1-0: SINGLE (Groundball, 6D, EV 108.8 MPH)
Jorge Quintana to second
Batting: RHB Matt Keef 0-0: Called Strike
0-1: Called Strike
Jorge Quintana steals 3rd base (no throw)
Isaiah Yarbrough to second
0-2: Ball
1-2: Ball
2-2: Ball
3-2: Intentional Walk
Batting: RHB Slamet Pamungkas 0-0: SINGLE (Groundball, 4, EV 106.9 MPH) (infield hit)
Jorge Quintana scores
Isaiah Yarbrough to third
Matt Keef to second
Pitching: LHP Adam Ody
Batting: RHB Luis Ramos 0-0: Ball
1-0: Swinging Strike
1-1: Ball
2-1: SINGLE (Groundball, 6D, EV 96.9 MPH)
Isaiah Yarbrough scores
Matt Keef to third
Slamet Pamungkas to second
Batting: RHB Bubba Tierney 0-0: Called Strike
0-1: Ball
1-1: SINGLE (Groundball, 56D, EV 94.4 MPH)
Matt Keef scores
Slamet Pamungkas to third
Luis Ramos to second
Batting: LHB Edwin Aguilar 0-0: Ball
Wild Pitch!
Slamet Pamungkas scores
Luis Ramos to third
Bubba Tierney to second
1-0: Foul Ball, location: 2F
1-1: Swinging Strike
1-2: Ball
2-2: Strikes out swinging
Batting: RHB Adam Kaeser 0-0: Ball
1-0: Swinging Strike
1-1: Ball
2-1: Ball
3-1: Ground out 6-3 (Groundball, 6S, EV 83.1 MPH)
Luis Ramos scores
Bubba Tierney to third
Batting: RHB Caleb Russell 0-0: Called Strike
0-1: Ball
1-1: Ball
2-1: Ball
3-1: DOUBLE (Line Drive, 5D, EV 93.8 MPH)
Bubba Tierney scores
Batting: LHB Jorge Quintana 0-0: Ball
1-0: Foul Ball, location: 2F
1-1: Ball
2-1: Foul Ball, location: 2F
2-2: Strikes out swinging
Top of the 6th over - 6 runs, 5 hits, 0 errors, 1 left on base; Indianapolis 8 - Sacramento 1
BOTTOM OF THE 6TH
Sacramento River Cats batting - Pitching for Indianapolis Indians : RHP Mitch Ingerson
Batting: RHB Dave Crouch 0-0: Fly out, F8 (Flyball, 89D, EV 103.1 MPH)
Batting: LHB Mason Duffy 0-0: Ball
1-0: Swinging Strike
1-1: Called Strike
1-2: Strikes out looking
Batting: RHB Brian Rogers 0-0: Called Strike
0-1: Ball
1-1: Called Strike
1-2: Ball
2-2: Ground out 4-3 (Groundball, 4, EV 107.5 MPH)
Bottom of the 6th over - 0 runs, 0 hits, 0 errors, 0 left on base; Indianapolis 8 - Sacramento 1
TOP OF THE 7TH
Indianapolis Indians batting - Pitching for Sacramento River Cats : LHP Adam Ody
Batting: RHB Isaiah Yarbrough 0-0: Ball
1-0: Ball
2-0: Foul Ball, location: 2F
2-1: Ball
3-1: Base on Balls
Pitching: RHP Israel Alvarado
Batting: RHB Matt Keef 0-0: Called Strike
0-1: Ball
1-1: Foul Ball, location: 2F
1-2: Foul Ball, location: 2F
1-2: Ball
Pickoff Throw by Catcher to First - Out!
2-2: Ball
3-2: Foul Ball, location: 2F
3-2: Strikes out looking
Batting: RHB Slamet Pamungkas 0-0: SINGLE (Groundball, P, EV 85.0 MPH) (infield hit)
Pinch Hitting: LHB Alberto Figueroa 0-0: Called Strike
Slamet Pamungkas steals 2nd base (no throw)
0-1: Fly out, F5 (Line Drive, 5L, EV 66.9 MPH)
Top of the 7th over - 0 runs, 1 hit, 0 errors, 1 left on base; Indianapolis 8 - Sacramento 1
BOTTOM OF THE 7TH
Sacramento River Cats batting - Pitching for Indianapolis Indians : RHP Mitch Ingerson
Now in LF: Alberto Figueroa
Batting: LHB Terry Ebersole 0-0: Ball
1-0: Foul Ball, location: 2F
1-1: Foul Ball, location: 2F
1-2: Ball
2-2: SINGLE (Groundball, 6MD, EV 94.4 MPH)
Pitching: LHP Josh Ramirez
Batting: RHB Troy Trice 0-0: Ground out 6-3 (Groundball, P, EV 82.5 MPH)
Terry Ebersole to second
Batting: RHB Hugo Zacarias 0-0: Called Strike
0-1: Ball
1-1: Called Strike
1-2: Strikes out swinging
Batting: RHB Nick Wicker 0-0: Called Strike
0-1: Ball
1-1: Ball
2-1: Ball
3-1: Foul Ball, location: 2F
3-2: Ground out 4-3 (Groundball, 4, EV 91.2 MPH)
Bottom of the 7th over - 0 runs, 1 hit, 0 errors, 1 left on base; Indianapolis 8 - Sacramento 1
TOP OF THE 8TH
Indianapolis Indians batting - Pitching for Sacramento River Cats : RHP Israel Alvarado
Pinch Hitting: RHB Jerry Escamilla 0-0: Ball
1-0: Ball
2-0: Ball
3-0: Called Strike
3-1: Base on Balls
Pitching: RHP Jonathan Simi
Batting: LHB Edwin Aguilar 0-0: Called Strike
0-1: Swinging Strike
0-2: Strikes out swinging
Batting: RHB Adam Kaeser 0-0: Ball
1-0: Foul Ball, location: 2F
1-1: Foul Ball, location: 2F
1-2: Strikes out swinging
Batting: RHB Caleb Russell 0-0: Called Strike
0-1: Swinging Strike
0-2: Strikes out looking
Top of the 8th over - 0 runs, 0 hits, 0 errors, 1 left on base; Indianapolis 8 - Sacramento 1
BOTTOM OF THE 8TH
Sacramento River Cats batting - Pitching for Indianapolis Indians : LHP Josh Ramirez
Now at 1B: Caleb Russell
Now at 2B: Jerry Escamilla
Now at SS: Slamet Pamungkas
Batting: RHB Billy Pranger 0-0: Called Strike
0-1: Called Strike
0-2: Strikes out looking
Batting: LHB Kevin Kantor 0-0: SINGLE (Groundball, 6MS, EV 66.2 MPH) (infield hit)
Batting: RHB Dave Crouch 0-0: Fly out, F3 (Line Drive, 3, EV 69.4 MPH)
Lined into DP, U3 (Line Drive, 3, EV 75.6 MPH)
Bottom of the 8th over - 0 runs, 1 hit, 0 errors, 0 left on base; Indianapolis 8 - Sacramento 1
TOP OF THE 9TH
Indianapolis Indians batting - Pitching for Sacramento River Cats : RHP Jonathan Simi
Batting: LHB Jorge Quintana 0-0: Called Strike
0-1: Called Strike
0-2: Strikes out looking
Batting: RHB Isaiah Yarbrough 0-0: Ball
1-0: Ball
2-0: Swinging Strike
2-1: Foul Ball, location: 2F
2-2: Foul Ball, location: 2F
2-2: Strikes out swinging
Batting: RHB Matt Keef 0-0: Ball
1-0: Called Strike
1-1: Ball
2-1: SINGLE (Groundball, 6MD, EV 105.0 MPH)
Batting: RHB Slamet Pamungkas 0-0: Ball
1-0: Foul Ball, location: 2F
1-1: Ball
2-1: Ball
3-1: Fly out, F9 (Flyball, 9LM, EV 88.8 MPH)
Top of the 9th over - 0 runs, 1 hit, 0 errors, 1 left on base; Indianapolis 8 - Sacramento 1
BOTTOM OF THE 9TH
Sacramento River Cats batting - Pitching for Indianapolis Indians : LHP Josh Ramirez
Pinch Hitting: LHB Ryan Braden 0-0: Called Strike
0-1: Foul Ball, location: 2F
0-2: Ball
1-2: Ball
2-2: Strikes out swinging
Batting: RHB Brian Rogers 0-0: Ball
1-0: Called Strike
1-1: Ground out 4-3 (Groundball, 4, EV 101.9 MPH)
Batting: LHB Terry Ebersole 0-0: Ground out 4-3 (Groundball, 4, EV 86.2 MPH)
Bottom of the 9th over - 0 runs, 0 hits, 0 errors, 0 left on base; Indianapolis 8 - Sacramento 1
Tuesday, March 28th , 2023 - OOTP Baseball 23.10 Build 110